 Dungeon Crawl Stone Soup version 0.31-a0-217-g58bb5d79cf (webtiles) character file.

Game seed: 13680026514453699078

220 qw the Shield-Bearer (level 5, 0/32 HPs)
             Began as a Gargoyle Fighter on July 2, 2023.
             Killed from afar by an orc wizard (2 damage)
             ... with a magic dart
             ... on level 3 of the Dungeon.
             The game lasted 00:01:22 (2169 turns).

qw the Shield-Bearer (Gargoyle Fighter)             Turns: 2169, Time: 00:01:23

Health: 0/32       AC: 19    Str: 21    XL:     5   Next: 97%
Magic:  5/5        EV:  7    Int:  9    God:
Gold:   209        SH: 12    Dex:  9    Spells: 4/4 levels left

rFire   . . .        Y - +0 war axe (protect)
rCold   . . .        k - +0 tower shield
rNeg    + . .        b - +0 scale mail
rPois   inf          f - +0 helmet
rElec   +            (no cloak)
rCorr   .            (no gloves)
SInv    .            (no boots)
Will    .....        (no amulet) Stlth
                     (no ring)
HPRegen 0.25/turn    (no ring)
MPRegen 0.09/turn

%: no passive effects
@: under a protective aura
A: sickness immunity, AC +4, negative energy resistance 1, electricity
resistance, torment resistance 1, petrification resistance
a: no special abilities


You were on level 3 of the Dungeon.
You visited 1 branch of the dungeon, and saw 3 of its levels.

You collected 209 gold pieces.


Innate Abilities, Weirdness & Mutations

You are immune to sickness and miasma.
Your stone body is resilient. (AC +4)
You are immune to poison.
You resist negative energy. (rN+)
You are resistant to electric shocks. (rElec)
You are resistant to unholy torment.
You are immune to petrification.


   Skills:
 - Level 3.2 Fighting
 - Level 3.4 Axes
 - Level 3.2 Armour
 + Level 6.1 Shields


You had 4 spell levels left.
You didn't know any spells.
Your spell library was empty.

Inventory:

Hand Weapons
 c - a +2 eveningstar of holy wrath
 Y - a +0 war axe of protection (weapon)
Armour
 b - a +0 scale mail (worn)
 e - a +0 pair of boots
 f - a +0 helmet (worn)
 g - a +2 chain mail of cold resistance
 k - a +0 tower shield (worn)
Scrolls
 a - a scroll of fear {unknown}
 i - a scroll of identify
 j - a scroll of enchant armour {unknown}
Potions
 d - a potion of might
 h - a potion of attraction {unknown}

Dungeon Overview and Level Annotations

Branches:
Dungeon (3/15)

Altars:
Gozag
Trog
Vehumet


Message History

An orc comes into view. It is wielding a +0 whip.
The orc hits you with a +0 war axe! Something hits you but does no damage.
The orc hits you but does no damage. Something hits you but does no damage.
The orc hits you but does no damage. Something hits you.
The orc closely misses you. Something hits you.
The orc wizard mumbles some strange words.
The orc wizard flickers and vanishes!
You feel less confused. The orc hits you with a +0 war axe.
You hear some strange, mumbled words.
Something tries to affect you, but you resist.
You slash the orc!
Your weapon exudes an aura of protection.
You kill the orc!
You hit something but do no damage. Something hits you.
A magic dart appears from out of thin air!
The magic dart hits you! You block the orc's attack.
Something hits you but does no damage.
Enter note:
Enter note:
Enter note:
Enter note: You hit the orc.
The orc is lightly wounded.
You barely miss something. You block the orc's attack.
Something hits you but does no damage. You block the orc's attack.
Something hits you but does no damage. x2
You slash the orc!
You kill the orc!
You hit something. You miss something. Something hits you.
Something hits you but does no damage. x2
You hear some strange, mumbled words.
A magic dart appears from out of thin air!
The magic dart hits you.
You miss something. You closely miss something.
You hear some strange, mumbled words.
A magic dart appears from out of thin air!
The magic dart hits you.
You die...

#################
......).......... #####
#..####{#.##############
#...#
......{@................
#.#.#
#.######.).#.#######..#####
#.#.# #.. ##..#.#
..#..%.... #.#.# #.#
#..#.#. #.##.#..#( #.%<#
#.# #..#.#. #.##......
#.###.#.# #.......
#.##)..... #.....#.#
##.##..#.#.#.......
..#####.# #.#
#...#)###.....
..'..%..####.#...
#...%)@.....


There were no monsters in sight!

Vanquished Creatures
  Jessica (D:3)
  Terence (D:3)
  A statue (D:3)
  4 gnolls
  2 adders (D:2)
  2 worms (D:3)
  3 orcs (D:3)
  4 bats
  9 endoplasms
  A giant cockroach (D:3)
  6 hobgoblins
  14 jackals
  3 quokkas
  4 ball pythons
  3 frilled lizards
  11 goblins
  6 rats
75 creatures vanquished.

Notes
Turn   | Place    | Note
-------+----------+-------------------------------------------
     0 | D:1      | qw the Gargoyle Fighter began the quest for the Orb.
     0 | D:1      | Reached XP level 1. HP: 14/14 MP: 1/1
     0 | D:1      | 0 ||| qw: Version: 0.3-a-40-ge99b1a8
     0 | D:1      | 0 ||| qw: Game counter: 79
     0 | D:1      | 0 ||| qw: Melee chars always use a shield: true
     0 | D:1      | 0 ||| qw: God list: Okawaru
     0 | D:1      | 0 ||| qw: Allow faded altars: false
     0 | D:1      | 0 ||| qw: Do Orc after clearing Dungeon:15 true
     0 | D:1      | 0 ||| qw: Do second Lair branch before Depths: true
     0 | D:1      | 0 ||| qw: Lair rune preference: random
     0 | D:1      | 0 ||| qw: Goals: Normal, Zot:1-4, Slime:5, God:TSO, Crypt,
                  | Tomb, Abyss, Pan, Hells, Win
     0 | D:1      | 0 ||| PLANNING D:1-11
   139 | D:1      | 139 ||| Stepping ~*~*~tactically~*~*~ (stealth).
   147 | D:1      | Reached XP level 2. HP: 19/19 MP: 2/2
   199 | D:1      | Found a faded altar of an unknown god.
   240 | D:1      | 240 ||| FLEEEEING.
   241 | D:1      | 241 ||| FLEEEEING.
   242 | D:1      | 242 ||| FLEEEEING.
   330 | D:1      | Reached skill level 3 in Axes
   330 | D:1      | Reached XP level 3. HP: 17/23 MP: 3/3
   396 | D:1      | 396 ||| Stepping ~*~*~tactically~*~*~ (stealth).
   763 | D:1      | 763 ||| UPGRADING to +0 tower shield.
   785 | D:1      | 785 ||| DROPPING +0 buckler.
   786 | D:1      | 786 ||| READING 2 scrolls labelled COWNITTULL.
   789 | D:1      | 789 ||| READING scroll labelled WUSTUL YDIFFU.
   790 | D:1      | 790 ||| READING 2 scrolls labelled WIUREPL VAODUO.
   791 | D:1      | 791 ||| READING scroll labelled YCITUJ NOGY.
   792 | D:1      | 792 ||| READING scroll labelled RUOWUA BASHUR.
   970 | D:2      | Reached XP level 4. HP: 25/28 MP: 4/4
   999 | D:2      | 999 ||| UPGRADING to +0 helmet.
  1011 | D:2      | Reached skill level 4 in Shields
  1077 | D:2      | 1077 ||| DROPPING +0 club.
  1119 | D:2      | 1119 ||| DROPPING +0 whip.
  1126 | D:2      | 1126 ||| Stepping ~*~*~tactically~*~*~ (stealth).
  1530 | D:2      | 1530 ||| READING scroll labelled YMAWO BIHEAR.
  1531 | D:2      | 1531 ||| READING scroll labelled QOYRA MUJARCH.
  1531 | D:2      | Identified a scroll of acquirement
  1531 | D:2      | 1531 ||| ACQUIRING +2 eveningstar of holy wrath
  1531 | D:2      | Acquired a +2 eveningstar of holy wrath
  1533 | D:2      | 1533 ||| DROPPING +0 mace.
  1534 | D:2      | 1534 ||| READING 3 scrolls of identify.
  1534 | D:2      | 1534 ||| IDENTIFYING red potion
  1535 | D:2      | 1535 ||| READING 2 scrolls of identify.
  1535 | D:2      | 1535 ||| IDENTIFYING smoky yellow potion
  1536 | D:2      | 1536 ||| DROPPING potion of degeneration.
  1620 | D:3      | 1620 ||| Stepping ~*~*~tactically~*~*~ (stealth).
  1623 | D:3      | 1623 ||| Stepping ~*~*~tactically~*~*~ (stealth).
  1629 | D:3      | Noticed Terence
  1642 | D:3      | HP: 6/28 [Terence/+0 mace (3)]
  1643 | D:3      | 1643 ||| READING scroll of teleportation.
  1644 | D:3      | 1644 ||| DRINKING potion of heal wounds.
  1646 | D:3      | Found a radiant altar of Vehumet.
  1646 | D:3      | Noticed a charred statue
  1651 | D:3      | Killed a charred statue
  1652 | D:3      | Reached XP level 5. HP: 27/32 MP: 5/5
  1719 | D:3      | Found an opulent altar of Gozag.
  1776 | D:3      | Found a bloodstained altar of Trog.
  1780 | D:3      | Reached skill level 5 in Shields
  1828 | D:3      | Noticed Jessica
  1836 | D:3      | Killed Jessica
  2005 | D:3      | 2005 ||| Stepping ~*~*~tactically~*~*~ (stealth).
  2079 | D:3      | 2079 ||| Stepping ~*~*~tactically~*~*~ (stealth).
  2080 | D:3      | 2080 ||| Stepping ~*~*~tactically~*~*~ (stealth).
  2090 | D:3      | 2090 ||| Stepping ~*~*~tactically~*~*~ (stealth).
  2092 | D:3      | 2092 ||| Stepping ~*~*~tactically~*~*~ (hiding).
  2099 | D:3      | Killed Terence
  2100 | D:3      | Reached skill level 6 in Shields
  2152 | D:3      | 2152 ||| Stepping ~*~*~tactically~*~*~ (hiding).
  2153 | D:3      | 2153 ||| Stepping ~*~*~tactically~*~*~ (hiding).
  2165 | D:3      | HP: 7/32 [something/magic dart (9)]
  2168 | D:3      | HP: 1/32 [something/magic dart (3)]
  2169 | D:3      | Killed from afar by an orc wizard

Levels and vault maps discovered:
D:1:      zelgadis_glass_arrival_small, layout_loops_cross,
          hellmonk_ecumenical_altar_lost_god
D:2:      layout_basic, serial_glass, glass_columns_b, glass_columns_a,
          grunt_decor_junction, minmay_goblin_outpost
D:3:      layout_basic, amcnicky_altar_gilded, mainiacjoe_overflow_paths,
          vehumet_statue, minmay_fractal_squares_5, uniq_terence, uniq_jessica

Skill      XL: |  1  2  3  4  5 |
---------------+----------------+-----
Axes           | 2 3 |  3.4
Shields        | 4 6 |  6.1
Fighting       | |  3.2
Armour         | |  3.2

Action                     |  1- 3 |  4- 6 || total
---------------------------+-------+-------++-------
  Melee: War axe           |   110 |   130 ||   240
    Use: Scroll            |     5 |     5 ||    10
         Potion            |       |     1 ||     1
 Armour: Scale mail        |    92 |    78 ||   170
  Dodge: Dodged            |    68 |    33 ||   101
  Block: Buckler           |    18 |       ||    18
         Tower shield      |    33 |    97 ||   130

Table legend:
 A = Non-vault XP
 B = Vault XP
 C = Vault XP percentage of total XP
 D = Non-vault monster count
 E = Vault monster count
 F = Vault count percentage of total count
                 A         B        C        D         E       F
            +---------+---------+-------+---------+---------+-------
      Total |     176 |     139 |  44.1 |      55 |      20 |  26.7
            +---------+---------+-------+---------+---------+-------
        D:1 |      57 |       0 |   0.0 |      25 |       0 |   0.0
        D:2 |      45 |      19 |  29.7 |      13 |      10 |  43.5
        D:3 |      74 |     120 |  61.9 |      17 |      10 |  37.0
            +---------+---------+-------+---------+---------+-------
